 Dungeon Crawl Stone Soup version 0.27-a0-920-gb2bd10914a (webtiles) character file.

Game seed: 10604155127978396158

417 siradein the Magician (level 6, -2/40 HPs)
             Began as a Djinni Hedge Wizard on Apr 9, 2021.
             Slain by an ufetubus (5 damage)
             ... on level 5 of the Dungeon.
             The game lasted 00:13:17 (5378 turns).

siradein the Magician (Djinni Hedge Wizard)         Turns: 5378, Time: 00:13:18

Health: -2/40      AC:  2    Str:  9    XL:     6   Next: 93%
Gold:   173        EV: 12    Int: 18    God:
                   SH:  0    Dex: 12

rFire    + + .     SeeInvis .   r - staff of poison
rCold    x . .     Faith    .   (no shield)
rNeg     . . .     Spirit   .   b - +0 robe
rPois    ∞         Reflect  .   c - +0 hat
rElec    .         Harm     .   (no cloak)
rCorr    .         Rampage  .   (no gloves)
Will     .....                  (boots unavailable)
Stlth    ++........             (no amulet)
HPRegen  0.13/turn              (no ring)
MPRegen  0.00/turn              (no ring)

@: flying
A: fire resistance 2, cold vulnerability 1, float, innate caster, hp casting,
extra vitality 1
a: no special abilities


You were on level 5 of the Dungeon.
You visited 1 branch of the dungeon, and saw 5 of its levels.

You collected 173 gold pieces.

Inventory:

Armour
 b - a +0 robe (worn)
 c - a +0 hat (worn)
Magical Staves
 r - a staff of poison (weapon)
Wands
 m - a wand of flame (23)
Scrolls
 d - 5 scrolls of teleportation {unknown}
 l - a scroll of blinking {unknown}
 n - a scroll of identify {unknown}
 o - a scroll of magic mapping {unknown}
 q - 2 scrolls of torment {unknown}
Potions
 e - 2 potions of curing {unknown}
 f - a potion of heal wounds {unknown}
 g - a potion of attraction {unknown}
 h - 2 potions of lignification {unknown}
 i - a potion of flight {unknown}
 j - a potion of might {unknown}
 k - 3 potions of berserk rage {unknown}
 p - a potion of invisibility {unknown}


   Skills:
 - Level 2.1 Dodging
 - Level 1.5 Stealth
 + Level 6.4 Spellcasting


You had one spell level left.
You knew the following spells:

 Your Spells              Type           Power      Damage    Failure   Level
a - Magic Dart            Conj           100%       1d8       1%          1
b - Blink                 Tloc           N/A        N/A       1%          2
c - Call Imp              Summ           28%        N/A       1%          2
d - Slow                  Hex            28%        N/A       1%          2
e - Conjure Flame         Conj/Fire      28%        6-21      2%          3
f - Mephitic Cloud        Conj/Pois/Air  43%        N/A       2%          3
g - Summon Small Mammal   Summ           100%       N/A       1%          1
h - Ensorcelled Hibernat  Hex/Ice        56%        N/A       1%          2
Your spell library was empty.

Dungeon Overview and Level Annotations

Branches:
Dungeon (5/15)
 Temple: D:4-7

Altars:
Qazlal
Wu Jian
The Shining One

Annotations:
D:4 2 transporters, Dittersdorf's ghost, novice GrFi


Innate Abilities, Weirdness & Mutations

You are immune to poison.
Your flesh is very heat resistant. (rF++)
You are vulnerable to cold. (rC-)
You float through the air rather than walking.
You learn spells naturally, not from books.
Your magical power is your life essence.
You have superior vitality. (+4 HP)


Message History

Aim: a steam dragon (almost dead, confused, 0% to evade)
The magic dart hits the steam dragon but does no damage.
The steam dragon is almost dead.
The bullfrog skeleton barely misses you.
The bullfrog skeleton hits you.
* * * LOW HITPOINT WARNING * * *
The steam dragon bites the bullfrog skeleton.
The steam dragon closely misses the bullfrog skeleton.
Aiming: Magic Dart (safe; 1% risk of failure)
Press: ? - help, Q - select action, (/) - cycle Shift-Dir - straight line, f/p - steam dragon
Aim: a steam dragon (almost dead, confused, 0% to evade)
The magic dart hits the steam dragon.
The steam dragon is almost dead.
* * * LOW HITPOINT WARNING * * *
The bullfrog skeleton hits you.
* * * LOW HITPOINT WARNING * * *
Aiming: Magic Dart (safe; 1% risk of failure)
Press: ? - help, Q - select action, (/) - cycle Shift-Dir - straight line, f/p - steam dragon
Aim: a steam dragon (almost dead, confused, 0% to evade)
The magic dart hits the steam dragon.
You kill the steam dragon!
* * * LOW HITPOINT WARNING * * *
The bullfrog skeleton hits you.
* * * LOW HITPOINT WARNING * * *
A bullfrog skeleton comes into view.
Your Spellcasting skill increases to level 6!
The bullfrog skeleton hits you.
* * * LOW HITPOINT WARNING * * *
Found a glowing short sword.
An ufetubus comes into view.
The bullfrog skeleton hits you but does no damage.
Found 20 stones.
The bullfrog skeleton barely misses you.
The bullfrog skeleton hits you but does no damage.
An orc comes into view. It is wielding a +0 flail.
The bullfrog skeleton closely misses you.
A scorpion zombie comes into view.
Found a short sword.
The ufetubus hits you.
You die...

##o.. #............#
#..... #.........#
##..(.. #.....<.#
#...... #......###
.......###........##
...................#
......................
...........#....##....
.#.....####@...#.....
#.....####5.[.......
#....##..#.#Z..).....#
##.# #..Z......#... #
#........####.
#...........#
#..##.......... ....
##.......## #....
..........


You could see an ufetubus and a bullfrog skeleton.

Vanquished Creatures
  A steam dragon (D:5)
  A phantom (D:4)
  A water moccasin skeleton (D:4)
  Jessica (D:2)
  5 gnolls
  4 adders
  4 orcs (D:3)
  3 endoplasms
  4 giant cockroaches
  7 goblins
  7 hobgoblins
  4 kobolds
  3 quokkas
  4 ball pythons
  2 bats
  2 frilled lizards
  4 rats
57 creatures vanquished.

Notes
Turn   | Place    | Note
-------+----------+-------------------------------------------
     0 | D:1      | siradein the Djinni Hedge Wizard began the quest for the
                  | Orb.
     0 | D:1      | Reached XP level 1. HP: 15/15 MP: 0/0
   242 | D:1      | Reached skill level 3 in Spellcasting
   246 | D:1      | Reached XP level 2. HP: 14/21 MP: 0/0
  1653 | D:1      | Reached XP level 3. HP: 7/25 MP: 0/0
  1653 | D:1      | Learned a level 1 spell: Summon Small Mammal
  2065 | D:2      | Noticed Jessica
  2069 | D:2      | Killed Jessica
  2070 | D:2      | Reached skill level 4 in Spellcasting
  2070 | D:2      | Reached XP level 4. HP: 26/31 MP: 0/0
  2554 | D:2      | Found a faded altar of an unknown god.
  3172 | D:2      | Reached XP level 5. HP: 33/35 MP: 0/0
  3172 | D:2      | Learned a level 2 spell: Ensorcelled Hibernation
  4277 | D:4      | Noticed an ogre
  4280 | D:4      | Noticed Dittersdorf's ghost (novice GrFi)
  4281 | D:4      | Noticed a phantom
  4282 | D:4      | Noticed a kobold brigand
  4311 | D:4      | Killed a phantom
  4312 | D:4      | Reached skill level 5 in Spellcasting
  4456 | D:4      | Found a transporter.
  4464 | D:4      | Found a transporter.
  4498 | D:4      | Reached XP level 6. HP: 37/40 MP: 0/0
  4553 | D:4      | Found a glowing golden altar of the Shining One.
  4599 | D:4      | Found an ornate altar of the Wu Jian Council.
  4599 | D:4      | Found a stormy altar of Qazlal.
  5348 | D:5      | Entered Level 5 of the Dungeon
  5349 | D:5      | Noticed a steam dragon
  5362 | D:5      | Killed a steam dragon
  5363 | D:5      | Reached skill level 6 in Spellcasting
  5363 | D:5      | HP: 1/40 [bullfrog skeleton (2)]
  5378 | D:5      | Slain by an ufetubus

Illustrated notes

Levels and vault maps discovered:
D:1:      evilmike_arrival_hilbert_curve, layout_basic
D:2:      layout_basic, ebering_ecumenical_altar_abandoned,
          kennysheep_flooded_box, uniq_jessica
D:3:      layout_loops_ring
D:4:      layout_rooms, gammafunk_temple_overflow_wave, tso_metal_star,
          gammafunk_ghost_arena, kennysheep_generic_room_10
D:5:      cheibrodos_barr_body, layout_cave_pools,
          minmay_temple_entry_mini_moons, uniq_prince_ribbit1, uniq_pikel

Skill      XL: |  1  2  3  4  5  6 |
---------------+-------------------+-----
Spellcasting   | 3 4 5 6 |  6.4
Dodging        | |  2.1
Stealth        | |  1.5

Action                   |  1- 3 |  4- 6 || total
-------------------------+-------+-------++-------
 Cast: Magic Dart        |    68 |   124 ||   192
       Blink             |     1 |       ||     1
       Slow              |       |     8 ||     8
       Conjure Flame     |       |     2 ||     2
       Call Imp          |       |     1 ||     1
       Mephitic Cloud    |       |     4 ||     4
Armor: Robe              |       |     7 ||     7
Dodge: Dodged            |    16 |    22 ||    38

Table legend: (Time is in decaauts)
 A = Elapsed time spent in this place.
 B = Non-inter-level travel time spent in this place.
 C = Inter-level travel time spent in this place.
 D = Time resting spent in this place.
 E = Time spent auto-exploring this place.
 F = Levels seen in this place.
 G = Mean time per level.
                   A        B        C        D        E       F      G
               +--------+--------+--------+--------+--------+-----+--------+
         Total |   5378 |   5228 |    150 |    612 |   4037 |   5 | 1075.6 |
       Dungeon |   5378 |   5228 |    150 |    612 |   4037 |   5 | 1075.6 |
               +--------+--------+--------+--------+--------+-----+--------+

Top non-repeatable levels by time:
     D:1: 1777 daAuts
     D:2: 1590 daAuts
     D:4: 1153 daAuts
     D:3: 827 daAuts
     D:5: 29 daAuts
